TOP OF THE 1ST |
Santa Monica Bruins batting - Pitching for Redwood City Redwoods : RHP Gil Paling
|
Pitching: RHP Gil Paling
|
|
Batting: LHB Francisco Medina
|
0-0: Called Strike 0-1: Ball 1-1: Ball 2-1: Ground out 3-1 (Groundball, 34)
|
Batting: RHB Alfredo López
|
0-0: Called Strike 0-1: Called Strike 0-2: Foul Ball, location: 2F 0-2: Strikes out swinging
|
Batting: LHB Sammy Marshall
|
0-0: Swinging Strike 0-1: Foul Ball, location: 2F 0-2: Strikes out swinging
|
Top of the 1st over - 0 run(s), 0 hit(s), 0 error(s), 0 left on base; Santa Monica 0 - Redwood City 0 |
BOTTOM OF THE 1ST |
Redwood City Redwoods batting - Pitching for Santa Monica Bruins : LHP Andrew Caine
|
Pitching: LHP Andrew Caine
|
|
Batting: LHB Keith Green
|
0-0: Foul Ball, location: 2F 0-1: Ball 1-1: Ground out 3-1 (Groundball, 34)
|
Batting: LHB Vicente Chávez
|
0-0: Ball 1-0: Ball 2-0: Ball 3-0: Called Strike 3-1: Swinging Strike 3-2: Strikes out looking
|
Batting: RHB Jacob Pope
|
0-0: Ball 1-0: Fly out, F8 (Flyball, 8RS)
|
Bottom of the 1st over - 0 run(s), 0 hit(s), 0 error(s), 0 left on base; Santa Monica 0 - Redwood City 0 |
TOP OF THE 2ND |
Santa Monica Bruins batting - Pitching for Redwood City Redwoods : RHP Gil Paling
|
Batting: RHB Luis Martínez
|
0-0: Ball 1-0: SOLO HOME RUN (Line Drive, 7LD), Distance : 330 ft
|
Batting: RHB George Howard
|
0-0: Foul Ball, location: 2F 0-1: Ball 1-1: Fly out, F6 (Line Drive, 6M)
|
Batting: LHB Ramiro Martínez
|
0-0: Ball 1-0: Ground out 1-3 (Groundball, 13)
|
Batting: SHB Ray Burgess
|
0-0: Ball 1-0: Ground out 1-3 (Groundball, 15S)
|
Top of the 2nd over - 1 run(s), 1 hit(s), 0 error(s), 0 left on base; Santa Monica 1 - Redwood City 0 |
BOTTOM OF THE 2ND |
Redwood City Redwoods batting - Pitching for Santa Monica Bruins : LHP Andrew Caine
|
Batting: LHB Patrick Bright
|
0-0: Foul Ball, location: 2F 0-1: Foul Ball, location: 2F 0-2: Strikes out swinging
|
Batting: RHB Juan Robles
|
0-0: Called Strike 0-1: Ball 1-1: Ball 2-1: Swinging Strike 2-2: Strikes out swinging
|
Batting: LHB Marcos Vázquez
|
0-0: Called Strike 0-1: Ball 1-1: Swinging Strike 1-2: Ball 2-2: Fly out, F6 (Popup, 56D)
|
Bottom of the 2nd over - 0 run(s), 0 hit(s), 0 error(s), 0 left on base; Santa Monica 1 - Redwood City 0 |
TOP OF THE 3RD |
Santa Monica Bruins batting - Pitching for Redwood City Redwoods : RHP Gil Paling
|
Batting: RHB Johnny Williams
|
0-0: Ball 1-0: Called Strike 1-1: Ball 2-1: Ball 3-1: Base on Balls
|
Pitching: RHP José Gusmán
|
|
Batting: RHB Bonifacio Torres
|
0-0: Swinging Strike 0-1: Ball 1-1: Ball 2-1: 2-RUN HOME RUN (Flyball, 7D), Distance : 347 ft
|
Batting: LHB Francisco Medina
|
0-0: Ground out U3 (Groundball, 34)
|
Batting: RHB Alfredo López
|
0-0: Called Strike 0-1: Foul Ball, location: 2F 0-2: Ball 1-2: Ground out 4-3 (Groundball, 4)
|
Batting: LHB Sammy Marshall
|
0-0: Foul Ball, location: 2F 0-1: Ball 1-1: Ball 2-1: Foul Ball, location: 2F 2-2: Ground out 6-3 (Groundball, 6)
|
Top of the 3rd over - 2 run(s), 1 hit(s), 0 error(s), 0 left on base; Santa Monica 3 - Redwood City 0 |
BOTTOM OF THE 3RD |
Redwood City Redwoods batting - Pitching for Santa Monica Bruins : LHP Andrew Caine
|
Batting: RHB Héctor Vázquez
|
0-0: Ball 1-0: Ground out 5-3 (Groundball, 56)
|
Batting: LHB Bernardo Rodríguez
|
0-0: Ball 1-0: Foul Ball, location: 2F 1-1: SINGLE (Line Drive, 6M)
|
Batting: RHB Miguel González
|
0-0: Ball 1-0: Ball 2-0: Ball 3-0: Called Strike 3-1: Called Strike 3-2: Grounds into double play, 6-4-3 (Groundball, 6)
|
Bottom of the 3rd over - 0 run(s), 1 hit(s), 0 error(s), 0 left on base; Santa Monica 3 - Redwood City 0 |
TOP OF THE 4TH |
Santa Monica Bruins batting - Pitching for Redwood City Redwoods : RHP José Gusmán
|
Batting: RHB Luis Martínez
|
0-0: Ball 1-0: Ball 2-0: Ball 3-0: Base on Balls
|
Batting: RHB George Howard
|
0-0: Foul Ball, location: 2F 0-1: Foul Ball, location: 2F 0-2: Ball 1-2: Foul Ball, location: 2F 1-2: Strikes out looking
|
Batting: LHB Ramiro Martínez
|
0-0: Foul Ball, location: 2F 0-1: Ball 1-1: Ball 2-1: Foul Ball, location: 2F 2-2: Grounds into double play, 6-4-3 (Groundball, 6)
|
Top of the 4th over - 0 run(s), 0 hit(s), 0 error(s), 0 left on base; Santa Monica 3 - Redwood City 0 |
BOTTOM OF THE 4TH |
Redwood City Redwoods batting - Pitching for Santa Monica Bruins : LHP Andrew Caine
|
Batting: LHB Keith Green
|
0-0: Ball 1-0: SINGLE (Flyball, 78S)
|
Batting: LHB Vicente Chávez
|
0-0: Called Strike 0-1: Ball 1-1: Foul Ball, location: 2F 1-2: Ball 2-2: Grounds into double play, 4-6-3 (Groundball, 4)
|
Batting: RHB Jacob Pope
|
0-0: Swinging Strike 0-1: Foul Ball, location: 2F 0-2: Ball 1-2: Ball 2-2: Foul Ball, location: 2F 2-2: Ball 3-2: Strikes out swinging
|
Bottom of the 4th over - 0 run(s), 1 hit(s), 0 error(s), 0 left on base; Santa Monica 3 - Redwood City 0 |
TOP OF THE 5TH |
Santa Monica Bruins batting - Pitching for Redwood City Redwoods : RHP José Gusmán
|
Batting: SHB Ray Burgess
|
0-0: Ball 1-0: Called Strike 1-1: SINGLE (Groundball, 34D)
|
Batting: RHB Johnny Williams
|
0-0: Ball 1-0: Foul Ball, location: 2F 1-1: Called Strike 1-2: Ball 2-2: Fly out, F9 (Flyball, 9S)
|
Batting: RHB Bonifacio Torres
|
0-0: Ball 1-0: Swinging Strike 1-1: Ball 2-1: SINGLE (Line Drive, 89S) Ray Burgess to second Ray Burgess to third
|
Batting: LHB Francisco Medina
|
0-0: Foul Ball, location: 2F 0-1: Ball Pickoff Throw to First - Out! 1-1: Foul Ball, location: 2F 1-2: Ball 2-2: Ball 3-2: Base on Balls
|
Pitching: LHP Joe Jenkins
|
|
Batting: RHB Alfredo López
|
0-0: Called Strike 0-1: Called Strike 0-2: Foul Ball, location: 2F 0-2: Strikes out swinging
|
Top of the 5th over - 0 run(s), 2 hit(s), 0 error(s), 2 left on base; Santa Monica 3 - Redwood City 0 |
BOTTOM OF THE 5TH |
Redwood City Redwoods batting - Pitching for Santa Monica Bruins : LHP Andrew Caine
|
Batting: LHB Patrick Bright
|
0-0: Called Strike 0-1: Swinging Strike 0-2: Ball 1-2: Ball 2-2: Ground out 1-3 (Groundball, 13S)
|
Batting: RHB Juan Robles
|
0-0: Fly out, F8 (Flyball, 8LM)
|
Batting: LHB Marcos Vázquez
|
0-0: Swinging Strike 0-1: Ball 1-1: Swinging Strike 1-2: Strikes out swinging
|
Bottom of the 5th over - 0 run(s), 0 hit(s), 0 error(s), 0 left on base; Santa Monica 3 - Redwood City 0 |
TOP OF THE 6TH |
Santa Monica Bruins batting - Pitching for Redwood City Redwoods : LHP Joe Jenkins
|
Batting: LHB Sammy Marshall
|
0-0: Called Strike 0-1: Foul Ball, location: 2F 0-2: Ball 1-2: Ball 2-2: Foul Ball, location: 2F 2-2: Ball 3-2: SINGLE (Groundball, 4MD)
|
Batting: RHB Luis Martínez
|
0-0: Called Strike Sammy Marshall steals 2nd base 0-1: Foul Ball, location: 2F 0-2: Ball 1-2: Ball 2-2: Ball 3-2: Ground out 6-3 (Groundball, 6) Sammy Marshall to third
|
Batting: RHB George Howard
|
0-0: Called Strike 0-1: Ball 1-1: Called Strike Steal of home, Sammy Marshall is out 1-2: Ball 2-2: SINGLE (Line Drive, 8LS)
|
Batting: LHB Ramiro Martínez
|
0-0: Ball 1-0: Swinging Strike 1-1: Ball 2-1: Called Strike George Howard steals 2nd base Balk! George Howard to third 2-2: Strikes out swinging
|
Top of the 6th over - 0 run(s), 2 hit(s), 0 error(s), 1 left on base; Santa Monica 3 - Redwood City 0 |
BOTTOM OF THE 6TH |
Redwood City Redwoods batting - Pitching for Santa Monica Bruins : LHP Andrew Caine
|
Batting: RHB Héctor Vázquez
|
0-0: Ball 1-0: Ball 2-0: Ball 3-0: Base on Balls
|
Batting: LHB Bernardo Rodríguez
|
0-0: Called Strike 0-1: Ground out 3-1 (Groundball, 34) Héctor Vázquez to second
|
Batting: RHB Miguel González
|
0-0: Ball 1-0: Called Strike 1-1: Foul Ball, location: 2F 1-2: Foul Ball, location: 2F 1-2: Ball 2-2: Ball 3-2: Foul Ball, location: 2F 3-2: Base on Balls
|
Batting: LHB Keith Green
|
0-0: Foul Ball, location: 2F 0-1: DOUBLE (Line Drive, 7LM) Héctor Vázquez scores Miguel González to third
|
Batting: LHB Vicente Chávez
|
0-0: Foul Ball, location: 2F 0-1: Swinging Strike 0-2: Strikes out swinging
|
Batting: RHB Jacob Pope
|
0-0: Ball 1-0: Foul Ball, location: 2F 1-1: Foul Ball, location: 2F 1-2: Ball 2-2: SINGLE (Groundball, 4MD) Miguel González scores Keith Green to third Runner from 3rd tries for Home, SAFE, no throw
|
Batting: LHB Patrick Bright
|
0-0: Called Strike 0-1: Ball 1-1: Ball 2-1: Called Strike 2-2: Foul Ball, location: 2F 2-2: Ball 3-2: Foul Ball, location: 2F 3-2: Base on Balls Jacob Pope to second
|
Batting: RHB Juan Robles
|
0-0: Ball 1-0: Ball 2-0: Ball 3-0: Base on Balls Jacob Pope to third Patrick Bright to second
|
Batting: LHB Marcos Vázquez
|
0-0: Ball 1-0: GRAND SLAM HOME RUN (Line Drive, 9LD), Distance : 329 ft
|
Pitching: RHP Jorge Hernández
|
|
Batting: RHB Héctor Vázquez
|
0-0: Ball 1-0: Called Strike 1-1: SINGLE (Flyball, 8LS)
|
Batting: LHB Bernardo Rodríguez
|
0-0: Fielders Choice at 2nd, 4-6 (Groundball, 4)
|
Bottom of the 6th over - 7 run(s), 4 hit(s), 0 error(s), 0 left on base; Santa Monica 3 - Redwood City 7 |
TOP OF THE 7TH |
Santa Monica Bruins batting - Pitching for Redwood City Redwoods : LHP Joe Jenkins
|
Batting: SHB Ray Burgess
|
0-0: SOLO HOME RUN (Line Drive, 7D), Distance : 366 ft
|
Batting: RHB Johnny Williams
|
0-0: Called Strike 0-1: Ball 1-1: Swinging Strike 1-2: Strikes out swinging
|
Batting: RHB Bonifacio Torres
|
0-0: Ground out 6-3 (Groundball, 6)
|
Batting: LHB Francisco Medina
|
0-0: Ball 1-0: Ball 2-0: Called Strike 2-1: Ground out U3 (Groundball, 34)
|
Top of the 7th over - 1 run(s), 1 hit(s), 0 error(s), 0 left on base; Santa Monica 4 - Redwood City 7 |
BOTTOM OF THE 7TH |
Redwood City Redwoods batting - Pitching for Santa Monica Bruins : RHP Jorge Hernández
|
Batting: RHB Miguel González
|
0-0: Ball 1-0: Called Strike 1-1: Swinging Strike 1-2: Ball 2-2: Strikes out swinging
|
Batting: LHB Keith Green
|
0-0: Ball 1-0: Ball 2-0: Called Strike 2-1: Foul Ball, location: 2F 2-2: Ball 3-2: Base on Balls
|
Batting: LHB Vicente Chávez
|
0-0: Ball 1-0: Called Strike 1-1: SINGLE (Groundball, 4) (infield hit) Keith Green to second
|
Batting: RHB Jacob Pope
|
0-0: Called Strike 0-1: Swinging Strike 0-2: Strikes out swinging
|
Batting: LHB Patrick Bright
|
0-0: Swinging Strike 0-1: Foul Ball, location: 2F 0-2: Strikes out swinging
|
Bottom of the 7th over - 0 run(s), 1 hit(s), 0 error(s), 2 left on base; Santa Monica 4 - Redwood City 7 |
TOP OF THE 8TH |
Santa Monica Bruins batting - Pitching for Redwood City Redwoods : LHP Joe Jenkins
|
Pitching: LHP Sam McMillan
|
|
Batting: RHB Alfredo López
|
0-0: Foul Ball, location: 2F 0-1: Ball 1-1: Foul Ball, location: 2F 1-2: Fly out, F6 (Line Drive, 6)
|
Batting: LHB Sammy Marshall
|
0-0: Called Strike 0-1: Swinging Strike 0-2: Ball 1-2: Ground out 3-1 (Groundball, 34)
|
Batting: RHB Luis Martínez
|
0-0: Ground out 4-3 (Groundball, 4)
|
Top of the 8th over - 0 run(s), 0 hit(s), 0 error(s), 0 left on base; Santa Monica 4 - Redwood City 7 |
BOTTOM OF THE 8TH |
Redwood City Redwoods batting - Pitching for Santa Monica Bruins : RHP Jorge Hernández
|
Batting: RHB Juan Robles
|
0-0: Called Strike 0-1: SOLO HOME RUN (Flyball, 78XD), Distance : 387 ft
|
Batting: LHB Marcos Vázquez
|
0-0: Called Strike 0-1: Foul Ball, location: 2F 0-2: Fly out, F7 (Flyball, 78S)
|
Batting: RHB Héctor Vázquez
|
0-0: Ground out 5-3 (Groundball, 56S)
|
Batting: LHB Bernardo Rodríguez
|
0-0: Ball 1-0: Foul Ball, location: 2F 1-1: Fly out, F8 (Flyball, 8RM)
|
Bottom of the 8th over - 1 run(s), 1 hit(s), 0 error(s), 0 left on base; Santa Monica 4 - Redwood City 8 |
TOP OF THE 9TH |
Santa Monica Bruins batting - Pitching for Redwood City Redwoods : LHP Sam McMillan
|
Batting: RHB George Howard
|
0-0: Foul Ball, location: 2F 0-1: Swinging Strike 0-2: Ball 1-2: Ground out U3 (Groundball, 34)
|
Batting: LHB Ramiro Martínez
|
0-0: Ball 1-0: Swinging Strike 1-1: Foul Ball, location: 2F 1-2: Strikes out looking
|
Batting: SHB Ray Burgess
|
0-0: Ball 1-0: Ball 2-0: Ball 3-0: Called Strike 3-1: Base on Balls
|
Batting: RHB Johnny Williams
|
0-0: Foul Ball, location: 2F 0-1: Ball 1-1: Fielders Choice at 2nd, 6-4 (Groundball, 56)
|
Top of the 9th over - 0 run(s), 0 hit(s), 0 error(s), 0 left on base; Santa Monica 4 - Redwood City 8 |
|